 Dungeon Crawl Stone Soup version 0.26-a0-1025-g006ef2cfcc (webtiles) character file.

Game seed: 2986756646202873432

88 Majang the Skirmisher (level 4, -11/37 HPs)
             Began as a Mummy Fighter on Dec 9, 2020.
             Killed by divine providence
             ... invoked by an orc priest
              (12 damage)
             ... on level 3 of the Dungeon.
             The game lasted 00:06:46 (2045 turns).

Majang the Skirmisher (Mummy Fighter)               Turns: 2045, Time: 00:06:47

Health: -11/37     AC:  7    Str: 20    XL:     4   Next: 29%
Magic:  4/4        EV:  7    Int:  7    God:
Gold:   107        SH:  8    Dex: 11    Spells: 3/3 levels left

rFire    x . .     SeeInvis .   a - +0 war axe
rCold    + . .     Faith    .   c - +0 kite shield
rNeg     + + +     Spirit   .   b - +0 scale mail
rPois    ∞         Reflect  .   (no helmet)
rElec    .         Harm     .   d - +0 cloak
rCorr    .         Rampage  .   (no gloves)
Will     .....                  (no boots)
Stlth    ..........             (no amulet)
HPRegen  0.12/turn              (no ring)
MPRegen  0.09/turn              (no ring)

@: no status effects
A: no potions, fire vulnerability, cold resistance 1, negative energy resistance
3, torment resistance, unbreathing
a: no special abilities


You were on level 3 of the Dungeon.
You visited 1 branch of the dungeon, and saw 3 of its levels.

You collected 107 gold pieces.

Inventory:

Hand Weapons
 a - a +0 war axe (weapon)
 e - a +0 hunting sling
Missiles
 h - 7 boomerangs (quivered)
 l - 25 sling bullets
Armour
 b - a +0 scale mail (worn)
 c - a +0 kite shield (worn)
 d - a +0 cloak (worn)
Wands
 j - a wand of acid (9)
Scrolls
 f - 2 scrolls of fog {unknown}
 g - 2 scrolls of teleportation {unknown}
 i - a scroll of random uselessness {unknown}
 k - a scroll of identify {unknown}


   Skills:
 + Level 3.8 Fighting
 * Level 3.2 Axes
 - Level 2.4 Armour
 - Level 2.4 Shields


You had 3 spell levels left.
You didn't know any spells.
Your spell library was empty.

Dungeon Overview and Level Annotations

Branches:
Dungeon (3/15)

Altars:
Hepliaklqana


Innate Abilities, Weirdness & Mutations

You do not drink.
Your flesh is vulnerable to fire.
You are immune to poison.
Your flesh is cold resistant. (rC+)
You are immune to negative energy. (rN+++)
You are immune to unholy pain and torment.
You can survive without breathing.


Message History

3 orcs come into view.
The orc shouts! x3
The orc priest invokes the aid of Beogh against you.
Beogh smites you!
There is an open door here.
You closely miss the orc priest.
The orc priest mumbles some strange prayers to Beogh against you.
Beogh smites you!
* * * LOW HITPOINT WARNING * * *
Things that are here:
a +0 dagger; a kobold corpse You see here a stone.
Things that are here:
2 poisoned darts; a kobold corpse The orc priest calls down the wrath of Beogh upon you.
Beogh smites you!
* * * LOW HITPOINT WARNING * * *
The orc priest invokes the aid of Beogh against you.
Beogh smites you!
You die...

#o# #.........####.####
#.# #(§§§≈≈≈..# #.# # #.#
#(≈§§≈≈≈.## #.# #o#####
#(§≈_⌠≈≈.# #.# #...o.#
#(≈≈.>≈§.# #.# #####.#
#(≈§≈≈≈≈.# #.# #.#
#§≈≈≈≈≈≈.#####.#
#.#########..............#
#....oo...o.@....#########
##################


You could see an orc priest and 2 orcs.

Vanquished Creatures
  4 adders
  A worm (D:2)
  2 leopard geckos (D:1)
  A giant cockroach (D:2)
  3 goblins
  9 hobgoblins
  2 jackals (D:2)
  5 kobolds
  7 bats
  3 frilled lizards
  12 rats
49 creatures vanquished.

Notes
Turn   | Place    | Note
-------+----------+-------------------------------------------
     0 | D:1      | Majang the Mummy Fighter began the quest for the Orb.
     0 | D:1      | Reached XP level 1. HP: 18/18 MP: 1/1
   304 | D:1      | Reached XP level 2. HP: 24/24 MP: 2/2
   848 | D:2      | Reached XP level 3. HP: 24/29 MP: 3/3
  1423 | D:2      | Found a faded altar of an unknown god.
  1466 | D:2      | Reached XP level 4. HP: 35/37 MP: 4/4
  1934 | D:3      | Found a hazy altar of Hepliaklqana.
  2044 | D:3      | HP: 1/37 [orc priest/divine providence (14)]
  2045 | D:3      | Killed from afar by an orc priest

Illustrated notes

Levels and vault maps discovered:
D:1:      zelgadis_glass_arrival_small, layout_loops_ring,
          chequers_hall_statues_wall_a, grunt_decor_junction
D:2:      layout_loops_cross, chequers_ecumenical_altar_simple
D:3:      layout_loops_ring, general_overflow_altar,
          nicolae_tso_swordbearing_angel, kennysheep_cluttered_room,
          grunt_decor_mini_mirrors, makhleb_heckhound_becter

Skill      XL: |  1  2  3 |
---------------+----------+-----
Axes           | 2 3 |  3.2
Fighting       | |  3.8
Armour         | |  2.4
Shields        | |  2.4

Action                   |  1- 3 |  4- 6 || total
-------------------------+-------+-------++-------
Melee: War axe           |   146 |    26 ||   172
Armor: Scale mail        |    82 |     3 ||    85
Dodge: Dodged            |    46 |     6 ||    52
Block: Kite shield       |    75 |    10 ||    85

Table legend: (Time is in decaauts)
 A = Elapsed time spent in this place.
 B = Non-inter-level travel time spent in this place.
 C = Inter-level travel time spent in this place.
 D = Time resting spent in this place.
 E = Time spent auto-exploring this place.
 F = Levels seen in this place.
 G = Mean time per level.
                   A        B        C        D        E       F      G
               +--------+--------+--------+--------+--------+-----+--------+
         Total |   2123 |   2037 |     86 |    415 |   1112 |   3 |  707.7 |
       Dungeon |   2123 |   2037 |     86 |    415 |   1112 |   3 |  707.7 |
               +--------+--------+--------+--------+--------+-----+--------+

Top non-repeatable levels by time:
     D:2: 1004 daAuts
     D:1: 867 daAuts
     D:3: 252 daAuts
